AoeStats
← zamithdaniel

Black Forest

509218157Analyzed
2v2 RM · 7d ago on Sep 25, 2026· 94m 59s· 4 players
Game mode
Random Map
Map size
Medium (4 player)
Population
200
Speed
Normal
Resources
Standard
Victory
Conquest
Starting age
Dark Age
Ending age
Imperial Age
RankedLock teamsTeams togetherTeam positionsShared explorationLock speedFull tech treeHidden civsTurbo modeCheats
Victory
Defeat
🇹🇷 Turks · Türkiye
1015
+13
🇩🇴 Bohemians · Dominican Republic
998
+14
🇨🇴 Turks · Colombia
989
-14
🇨🇴 Spanish · Colombia
929
-13
WHİTE.MAN.TR
13:18 Feudal Age
14:16 Double-Bit Axe
17:35 Castle Age
15:57 Stone Mining
16:00 Horse Collar
19:39 Bow Saw
19:36 Heavy Plow
27:01 Wheelbarrow
26:12 Loom
26:12 Town Watch
26:29 Gold Mining
31:13 Imperial Age
30:32 Gold Shaft Mining
30:01 Caravan
30:55 Hand Cart
31:09 Town Patrol
32:00 Fletching
32:11 Padded Archer Armor
32:40 Bodkin Arrow
34:02 Leather Archer Armor
33:12 Elite Janissary
34:32 Bloodlines
34:37 Bracer
35:41 Two-Man Saw
35:25 Ring Archer Armor
36:51 Artillery
37:13 Conscription
42:11 Heavy Camel Rider
43:19 Scale Barding Armor
43:14 Scale Mail Armor
43:25 Forging
87:48 Chain Barding Armor
87:45 Chain Mail Armor
88:05 Iron Casting
Arietediron
1:08 Loom
14:00 Feudal Age
15:23 Wheelbarrow
14:35 Double-Bit Axe
18:32 Castle Age
16:21 Horse Collar
19:56 Hand Cart
20:42 Heavy Plow
21:12 Fervor
29:08 Bow Saw
32:32 Imperial Age
29:48 Town Watch
30:26 Caravan
30:57 Coinage
31:54 Chemistry
31:35 Fletching
31:45 Padded Archer Armor
31:51 Scale Barding Armor
32:24 Ballistics
31:31 Pikeman
32:12 Squires
31:57 Arson
32:55 Forging
32:46 Scale Mail Armor
32:45 Bodkin Arrow
33:44 Hussite Reforms
34:28 Masonry
34:39 Bombard Tower
34:15 Murder Holes
34:31 Fortified Wall
34:28 Siege Engineers
35:02 Banking
35:13 Town Patrol
35:28 Guilds
36:03 Leather Archer Armor
36:26 Iron Casting
36:06 Chain Mail Armor
35:54 Bracer
37:30 Houfnice
37:39 Elite Skirmisher
38:56 Halberdier
40:51 Plate Mail Armor
40:55 Ring Archer Armor
44:39 Chain Barding Armor
57:03 Blast Furnace
75:39 Two-Man Saw
80:13 Onager
Dovahkyn
6:02 Loom
12:35 Feudal Age
18:19 Castle Age
16:29 Horse Collar
16:58 Double-Bit Axe
19:45 Heavy Plow
19:58 Bow Saw
28:53 Gold Mining
31:54 Imperial Age
30:04 Wheelbarrow
29:16 Town Watch
29:57 Fortified Wall
30:12 Ballistics
31:49 Forging
31:45 Scale Barding Armor
32:00 Husbandry
32:11 Bloodlines
32:28 Cavalier
33:26 Hand Cart
34:13 Two-Man Saw
34:30 Chemistry
34:21 Conscription
34:14 Caravan
35:07 Iron Casting
35:06 Chain Barding Armor
36:35 Paladin
41:09 Blast Furnace
42:19 Elite Conquistador
45:33 Scale Mail Armor
45:26 Fletching
45:36 Padded Archer Armor
45:38 Light Cavalry
46:17 Bodkin Arrow
49:52 Coinage
50:38 Hussar
63:28 Bracer
64:04 Plate Barding Armor
63:33 Pikeman
64:14 Squires
63:37 Elite Skirmisher
64:29 Thumb Ring
81:39 Onager
zamithdaniel
11:02 Feudal Age
17:38 Castle Age
19:12 Horse Collar
21:18 Double-Bit Axe
25:55 Gold Mining
25:57 Stone Mining
26:38 Heavy Plow
28:30 Gold Shaft Mining
32:00 Imperial Age
29:56 Fortified Wall
30:06 Bow Saw
29:48 Loom
30:39 Wheelbarrow
29:50 Town Watch
31:13 Ballistics
30:57 Padded Archer Armor
31:08 Forging
31:04 Scale Barding Armor
32:58 Hand Cart
33:44 Conscription
36:25 Husbandry
36:37 Bloodlines
36:24 Elite Janissary
37:06 Artillery
37:31 Leather Archer Armor
37:52 Iron Casting
37:38 Chain Barding Armor
38:48 Caravan
40:34 Two-Man Saw
44:54 Ring Archer Armor
45:25 Blast Furnace
45:01 Plate Barding Armor
Connection lost

Rejoining the realm…

Still unreachable

The connection could not be restored.

Session expired

The server has moved on; the page needs a fresh start.